 Dungeon Crawl Stone Soup version 0.30-a0-840-ga523dec638 (webtiles) character file.

Game seed: 9853232033288063525

80 Yadimbah the Trooper (level 4, -4/33 (37) HPs)
             Began as a Human Berserker on Mar 1, 2023.
             Was a Believer of Trog.
             Slain by an orc
             ... wielding the +9 dagger "Byicakha" {heavy, rF+ rCorr}
              (7 damage)
             ... on level 3 of the Dungeon.
             The game lasted 00:16:52 (1903 turns).

Yadimbah the Trooper (Human Berserker)              Turns: 1903, Time: 00:16:53

HP:   -4/33 (37)    AC:  7    Str: 22    XL:     4   Next: 65%
MP:   4/4           EV: 10    Int:  7    God:    Trog [**....]
Gold: 111           SH:  0    Dex: 12    Spells: 3/3 levels left

rFire   . . .      SeeInvis .    m - +4 dagger "Koevvom" {flame, Will+ Str+2}
rCold   . . .      Faith    .    (no shield)
rNeg    . . .      Spirit   .    p - +0 scale mail
rPois   .          Reflect  .    h - +0 helmet
rElec   .          Harm     .    (no cloak)
rCorr   .          Rampage  .    (no gloves)
Will    +....                    (no boots) Stlth
                                 g - amulet of the acrobat
HPRegen 0.25/turn                (no ring)
MPRegen 0.09/turn                (no ring)

@: heavily drained
A: no striking features
a: Renounce Religion, Berserk, Trog's Hand


You were on level 3 of the Dungeon.
You worshipped Trog.
Trog was pleased with you.
You visited 1 branch of the dungeon, and saw 3 of its levels.

You collected 111 gold pieces.

Inventory:

Hand Weapons
 a - a +2 hand axe
 m - the +4 dagger "Koevvom" (weapon) {flame, Will+ Str+2}
   (You found it on level 2 of the Dungeon)

   Str:       It affects your strength (+2).
   Will:      It increases your willpower.
Missiles
 c - 22 stones (quivered)
Armour
 h - a +0 helmet (worn)
 n - a +0 ring mail
 p - a +0 scale mail (worn)
Jewellery
 g - an amulet of the acrobat (around neck)
Scrolls
 b - 2 scrolls of immolation
 f - 3 scrolls of identify
 o - a scroll of amnesia
 q - a scroll of vulnerability {unknown}
Potions
 d - 2 potions of heal wounds {unknown}
 e - 2 potions of haste {unknown}
 i - 3 potions of resistance {unknown}
 j - a potion of curing {unknown}
 k - a potion of degeneration {unknown}
 l - a potion of berserk rage {unknown}
 r - a potion of flight {unknown}
 s - 2 potions of lignification {unknown}


   Skills:
 + Level 3.8 Fighting
 + Level 3.6 Axes
 + Level 2.4 Armour
 + Level 2.5 Dodging
 + Level 1.0 Stealth


You had 3 spell levels left.
You didn't know any spells.
Your spell library contained the following spells:

 Spells                   Type           Power      Damage    Failure   Level
 Cigotuvi's Dreadful Rot  Necr/Pois/Air  0%         N/A       88%         2
 Poisonous Vapours        Pois/Air       0%         N/A       88%         2
 Confusing Touch          Hex            0%         N/A       98%         3
 Mephitic Cloud           Conj/Pois/Air  0%         N/A       98%         3
 Portal Projectile        Hex/Tloc       0%         N/A       98%         3
 Stone Arrow              Conj/Erth      0%         3d7       98%         3
 Animate Armour           Summ/Erth      0%         N/A       100%        4
 Leda's Liquefaction      Hex/Erth       0%         N/A       100%        4
 Enfeeble                 Hex            0%         N/A       100%        7
 Lehudib's Crystal Spear  Conj/Erth      0%         10d2      100%        8


Dungeon Overview and Level Annotations

Branches:
Dungeon (3/15)

Altars:

Annotations:
D:3 DiggyJ's ghost, weakling HOFi


Message History

You closely miss the orc.
The orc is heavily wounded.
The orc hits you with a +1 hand axe of freezing.
The orc freezes you.
You hit the orc but do no damage.
The orc is heavily wounded.
The orc hits you but does no damage.
You hit the orc but do no damage.
The orc is heavily wounded.
The orc closely misses you.
You barely miss the orc.
The orc is heavily wounded.
The orc hits you but does no damage.
You hit the orc. You burn the orc.
You kill the orc!
Trog accepts your kill.
You hit the orc. You burn the orc. Your punch misses the orc.
The orc is heavily wounded.
The orc hits you but does no damage.
You hit the orc. You burn the orc.
You kill the orc!
Trog accepts your kill.
You puncture the orc! You burn the orc.
You kill the orc!
Trog accepts your kill.
You hit the orc. You burn the orc.
The orc is heavily wounded.
The orc hits you with a +0 flail.
You hit the orc. You burn the orc.
You kill the orc!
Trog accepts your kill.
You hit the orc.
The orc is heavily wounded.
The orc hits you with the +9 dagger "Byicakha" {heavy, rF+ rCorr}!
* * * LOW HITPOINT WARNING * * *
You hit the orc but do no damage.
The orc is heavily wounded.
DiggyJ's ghost shrieks, "They lied to you.
The Dungeon just goes down and down forever."
The orc hits you with the +9 dagger "Byicakha" {heavy, rF+ rCorr}!
You die...

#.............##...#....# ##.#
###8..######.....).#.##.######...
(.#...### ##.#......##.#........
..#.....## #.........#.#.####...
..#..##..####.......#............
..#..###..##.....................
#.#...........#####..##########.#
#.)..........######..... ###.#
#.'...........Wo@......... ....
#.'...........o############ ###.#
#.#..........#...## ###~.≈###.<..
..#................##..~~≈≈≈##...
..#..#...##.########...~.≈≈≈≈#..)
?.#..#...##............~.≈≈≈≈#...
..#.....|##.............≈≈≈≈≈#...
###8.#...###...........~~≈≈≈≈#...
#.K###..........####...~~≈≈≈≈#...


You could see DiggyJ's ghost and 2 orcs.

Vanquished Creatures
  2 adders (D:3)
  A dart slug (D:3)
  6 orcs (D:3)
  3 endoplasms
  5 giant cockroaches
  2 hobgoblins (D:1)
  8 kobolds
  3 quokkas
  6 ball pythons
  2 bats
  5 frilled lizards
  6 goblins
  4 rats
53 creatures vanquished.

Vanquished Creatures (others)
  2 withered plants (D:3)
2 creatures vanquished.

Grand Total: 55 creatures vanquished

Notes
Turn   | Place    | Note
-------+----------+-------------------------------------------
     0 | D:1      | Yadimbah the Human Berserker began the quest for the Orb.
     0 | D:1      | Reached XP level 1. HP: 18/18 MP: 1/1
   150 | D:1      | Reached XP level 2. HP: 24/24 MP: 2/2
   319 | D:1      | Reached ** piety under Trog
   484 | D:1      | Reached XP level 3. HP: 25/29 MP: 3/3
   955 | D:2      | Identified the +4 dagger "Koevvom" {flame, Will+ Str+2}
  1390 | D:3      | Found a faded altar of an unknown god.
  1553 | D:3      | Found a runed translucent gate.
  1555 | D:3      | Found a runed translucent gate.
  1555 | D:3      | Found a runed translucent gate.
  1556 | D:3      | Got Mohaplah's Secrets of Bewitchment
  1559 | D:3      | Noticed DiggyJ's ghost (weakling HOFi)
  1560 | D:3      | Identified the +9 dagger "Byicakha" {heavy, rF+ rCorr}
  1663 | D:3      | Reached skill level 1 in Stealth
  1663 | D:3      | Reached XP level 4. HP: 37/37 MP: 4/4
  1903 | D:3      | Slain by an orc

Illustrated notes

Levels and vault maps discovered:
D:1:      dpeg_arrival_tiny_b, layout_loops_ring
D:2:      layout_loops_ring
D:3:      layout_rooms, biasface_ghost_orc_armoury,
          ebering_ecumenical_altar_petrified, amcnicky_mini_corridor_feature,
          nicolae_underground_beach

Skill      XL: |  1  2  3 |
---------------+----------+-----
Stealth        | 1 |  1.0
Fighting       | |  3.8
Axes           | |  3.6
Armour         | |  2.4
Dodging        | |  2.5

Action                     |  1- 3 |  4- 6 || total
---------------------------+-------+-------++-------
  Melee: Hand axe          |    85 |       ||    85
         Punch             |     2 |       ||     2
         Dagger            |    41 |    29 ||    70
    Use: Scroll            |     6 |       ||     6
 Armour: Leather armour    |    16 |       ||    16
         Scale mail        |     7 |     5 ||    12
  Dodge: Dodged            |    65 |    24 ||    89

Table legend: (Time is in decaauts)
 A = Elapsed time spent in this place.
 B = Non-inter-level travel time spent in this place.
 C = Inter-level travel time spent in this place.
 D = Time resting spent in this place.
 E = Time spent auto-exploring this place.
 F = Levels seen in this place.
 G = Mean time per level.
                   A        B        C        D        E       F      G
               +--------+--------+--------+--------+--------+-----+--------+
         Total |   1916 |   1337 |    579 |      0 |      0 |   3 |  638.7 |
       Dungeon |   1916 |   1337 |    579 |      0 |      0 |   3 |  638.7 |
               +--------+--------+--------+--------+--------+-----+--------+

Top non-repeatable levels by time:
     D:2: 727 daAuts
     D:1: 669 daAuts
     D:3: 519 daAuts
